 Dungeon Crawl Stone Soup version 0.20-a0-537-g052e6ba (webtiles) character file.

27621 polly the Severer (level 13, -2/178 HPs)
             Began as a Minotaur Berserker on Jan 28, 2017.
             Was a High Priest of Trog.
             Slain by a cherub
             ... wielding a +0 falchion of flaming
              (7 damage)
             ... on level 13 of the Dungeon.
             The game lasted 00:30:00 (13874 turns).

polly the Severer (Minotaur Berserker)             Turns: 13874, Time: 00:30:02

Health: -2/178     AC: 24    Str: 32    XL:     13   Next: 5%
Magic:  12/12      EV: 12    Int:  4    God:    Trog [*****.]
Gold:   648        SH:  2    Dex: 10    Spells: 12/12 levels left

rFire    . . .     SeeInvis .   T - +1 battleaxe (elec)
rCold    . . .     Gourm    .   G - +0 plate armour
rNeg     . . .     Faith    .   (shield currently unavailable)
rPois    .         Spirit   .   (helmet restricted)
rElec    .         Reflect  +   y - +2 cloak
rCorr    .         Harm     .   (no gloves)
MR       .....                  w - +1 pair of boots
Stlth    ..........             r - +2 amulet of reflection
Regen    0.4/turn               I - +1 ring of evasion
                                A - +2 ring of protection

@: berserking, glowing, very quick
A: retaliatory headbutt, horns 2
a: Berserk, Trog's Hand, Brothers in Arms, Burn Spellbooks, Renounce Religion


You were on level 13 of the Dungeon.
You worshipped Trog.
Trog was extremely pleased with you.
You were hungry.

You visited 1 branch of the dungeon, and saw 13 of its levels.
You also visited: Sewer.

You collected 708 gold pieces.
You spent 60 gold pieces at shops.

Inventory:

Hand Weapons
 T - a +1 battleaxe of electrocution (weapon)
Armour
 w - a +1 pair of boots (worn)
 y - a +2 cloak (worn)
 G - a +0 plate armour (worn)
Jewellery
 r - a +2 amulet of reflection (around neck)
 A - a +2 ring of protection (left hand)
 D - an uncursed ring of resist corrosion
 E - an uncursed ring of protection from cold
 I - a +1 ring of evasion (right hand)
Wands
 v - a wand of iceblast (8/15)
 C - a wand of disintegration (2/24)
 H - a wand of iceblast (9/15)
Scrolls
 d - 4 scrolls of enchant armour
 f - a scroll of magic mapping {unknown}
 g - 4 scrolls of remove curse
 i - a scroll of holy word {unknown}
 k - 4 scrolls of enchant weapon {unknown}
 l - 5 scrolls of teleportation
 m - 6 scrolls of noise {unknown}
 o - 4 scrolls of amnesia {unknown}
 p - 4 scrolls of recharging {unknown}
 N - 2 scrolls of fear
 O - 2 scrolls of summoning {unknown}
 Q - a scroll of blinking
 R - 2 scrolls of fog {unknown}
 W - a scroll of immolation
Potions
 b - 7 potions of curing
 e - 2 potions of cancellation
 h - a potion of heal wounds
 n - 2 potions of cure mutation {unknown}
 q - 2 potions of ambrosia {unknown}
 u - 2 potions of flight {unknown}
 x - 2 potions of haste
 B - 2 potions of berserk rage {unknown}
 F - a potion of degeneration {unknown}
 L - a potion of beneficial mutation {unknown}
 P - 3 potions of brilliance {unknown}
 U - a potion of might {unknown}
 Y - 3 potions of agility {unknown}
Comestibles
 a - 10 royal jellies
 c - 5 bread rations
 j - 8 meat rations


   Skills:
 + Level 12.6 Fighting
 + Level 17.2 Axes
   Level 1.6(11.7) Polearms
 + Level 13.3 Armour
 + Level 6.1 Dodging
 - Level 1.6 Stealth


You had 12 spell levels left.
You didn't know any spells.

Dungeon Overview and Level Annotations

Branches:
Dungeon (13/15)            Temple (0/1) D:6            Lair (0/6) D:8
    Orc (0/2) D:9
 Vaults: D:13-14

Altars:
Dithmenos
Fedhas
Gozag
Trog
Vehumet
The Shining One

Shops:
D:8 !}!(


Innate Abilities, Weirdness & Mutations

You reflexively headbutt those who attack you in melee.
You have a pair of horns on your head.


Message History

The cherub is lightly wounded.
The cherub hits you but does no damage.
The cherub bites you but does no damage.
Your plate armour prevents you from hitting the cherub.
The cherub is lightly wounded.
You slash the cherub! Your headbutt misses the cherub.
The cherub is moderately wounded.
The cherub hits you but does no damage.
The cherub pecks you with an uncursed falchion of flaming!
* * * LOW HITPOINT WARNING * * *
You hit the cherub. Your headbutt misses the cherub.
The cherub is moderately wounded.
The cherub blocks your attack.
Your headbutt misses the cherub.
The cherub is moderately wounded.
The cherub hits you with an uncursed falchion of flaming!
* * * LOW HITPOINT WARNING * * *
The cherub burns you.
* * * LOW HITPOINT WARNING * * *
The cherub gores you!
You die...

######## #.......
##...... ##.....
###### #..... #(...##
#..... #..().##
#..... #.##@AP#
#..... #.##)..#
#..... #.##P.....
#..... #.####.)P##
###### #.# #P## #.#
## #.# #.# #########
#.###########........


You could see a cherub.

Vanquished Creatures
  A tengu reaver (D:11)
  A deep elf annihilator (D:12)
  Harold (D:11)
  A hydra (D:12)
  2 tengu warriors (D:13)
  3 two-headed ogres
  A death knight (D:11)
  A dancing weapon (D:13)
  A cherub (D:13)
  2 unseen horrors (D:11)
  Pikel (D:8)
  3 ugly things
  A deep elf mage (D:12)
  A cyclops (D:12)
  2 manticores
  Psyche (D:11)
  A centaur skeleton (D:13)
  A gargoyle (D:12)
  An efreet (D:12)
  2 kobold demonologists (D:13)
  A komodo dragon (D:12)
  5 trolls
  3 polar bears (D:7)
  2 hippogriffs
  2 hornets
  2 shadows (D:11)
  2 vampires (D:11)
  3 hogs (D:7)
  4 yaks (D:10)
  The ghost of polly the Chopper, an amateur MiBe of Trog (D:4)
  Eustachio (D:4)
  A wraith (D:10)
  3 steam dragons
  6 vampire mosquitoes (D:12)
  A hungry ghost (D:11)
  Menkaure (D:6)
  2 soldier ants (D:8)
  An acid dragon (D:11)
  2 water moccasins
  4 slaves (D:8)
  3 ice beasts
  A sky beast (D:12)
  Purgy (Sewer)
  5 orc warriors
  3 black bears
  3 necrophages
  5 ogres
  2 wolves (D:7)
  9 centaurs
  2 big kobolds
  6 bullfrogs
  A wyvern zombie (D:12)
  4 scorpions
  8 killer bees (D:11)
  9 wights
  9 crimson imps
  4 bullfrog zombies
  6 jellies
  2 centaur zombies
  5 bullfrog skeletons
  7 hounds
  3 quasits
  5 orc priests
  15 orc wizards
  3 iguanas
  10 worker ants
  A hound skeleton (D:5)
  A worker ant zombie (D:9)
  5 gnolls
  19 adders
  2 river rats (D:6)
  A shadow imp (D:7)
  An ooze (D:2)
  An adder zombie (D:6)
  An adder skeleton (D:4)
  2 worms
  3 dart slugs
  4 leopard geckos
  42 orcs
  13 giant cockroaches
  2 goblins (D:1)
  3 hobgoblins
  10 jackals
  5 quokkas
  3 ball pythons
  11 bats
  7 frilled lizards
  17 kobolds
  12 rats
  A plant (D:13)
373 creatures vanquished.

Notes
Turn   | Place    | Note
-------+----------+-------------------------------------------
     0 | D:1      | polly the Minotaur Berserker began the quest for the Orb.
     0 | D:1      | Reached XP level 1. HP: 19/19 MP: 0/0
    43 | D:1      | Reached skill level 4 in Axes
    43 | D:1      | Reached XP level 2. HP: 23/27 MP: 1/1
   228 | D:1      | Reached XP level 3. HP: 33/33 MP: 2/2
   570 | D:1      | Reached ** piety under Trog
  1074 | D:2      | Reached XP level 4. HP: 12/41 MP: 3/3
  1345 | D:2      | Reached skill level 1 in Stealth
  1424 | D:2      | Reached skill level 5 in Axes
  2022 | D:3      | Reached XP level 5. HP: 27/47 MP: 4/4
  2868 | D:4      | Noticed Eustachio
  2906 | D:4      | Killed Eustachio
  2906 | D:4      | Reached skill level 5 in Fighting
  2906 | D:4      | Reached skill level 6 in Axes
  2906 | D:4      | Reached XP level 6. HP: 39/56 MP: 5/5
  3085 | D:4      | Found a glowing golden altar of the Shining One.
  3086 | D:4      | Found a blossoming altar of Fedhas.
  3332 | D:4      | Noticed polly's ghost (amateur MiBe)
  3333 | D:4      | Found a shadowy altar of Dithmenos.
  3359 | D:4      | Killed polly's ghost
  3359 | D:4      | Reached skill level 7 in Axes
  3359 | D:4      | Reached XP level 7. HP: 8/61 MP: 6/6
  3625 | D:5      | Entered Level 5 of the Dungeon
  4125 | D:5      | Reached *** piety under Trog
  4330 | D:5      | Reached skill level 8 in Axes
  4651 | D:5      | Reached skill level 5 in Armour
  4651 | D:5      | Reached XP level 8. HP: 67/70 MP: 7/7
  4827 | D:6      | Noticed a hippogriff
  4838 | D:6      | Killed a hippogriff
  4838 | D:6      | Reached skill level 9 in Axes
  4841 | D:6      | Noticed Menkaure
  5155 | D:6      | Killed Menkaure
  5225 | D:6      | Reached skill level 5 in Dodging
  5227 | D:6      | Found a staircase to the Ecumenical Temple.
  5296 | D:6      | Reached skill level 10 in Axes
  5327 | D:6      | Reached **** piety under Trog
  5345 | D:6      | Found a glowing drain.
  5400 | Sewer    | Entered a sewer
  5613 | Sewer    | Noticed Purgy
  5626 | Sewer    | Killed Purgy
  5626 | Sewer    | Reached XP level 9. HP: 61/79 MP: 8/8
  6078 | D:7      | Found a bloodstained altar of Trog.
  6162 | D:7      | Found a huge runed gate.
  6162 | D:7      | Found a huge runed gate.
  6162 | D:7      | Found a huge runed gate.
  6162 | D:7      | Found a huge runed gate.
  6162 | D:7      | Noticed a polar bear
  6163 | D:7      | Noticed a polar bear
  6164 | D:7      | Noticed a polar bear
  6314 | D:7      | Reached skill level 11 in Axes
  6335 | D:7      | Killed a polar bear
  6368 | D:7      | Killed a polar bear
  6387 | D:7      | Killed a polar bear
  6387 | D:7      | Reached XP level 10. HP: 65/88 MP: 9/9
  6394 | D:7      | Reached skill level 12 in Axes
  6695 | D:7      | Found an opulent altar of Gozag.
  6895 | D:7      | Reached ***** piety under Trog
  7015 | D:7      | Found a radiant altar of Vehumet.
  7016 | D:7      | Found a shadowy altar of Dithmenos.
  7152 | D:8      | Found Muyshred's Gadget Shoppe.
  7236 | D:8      | Found Woha's Distillery.
  7260 | D:8      | Bought a potion of heal wounds for 60 gold pieces
  7282 | D:8      | Found a staircase to the Lair.
  7430 | D:8      | Found Ygonofonyw's Antique Weapon Shop.
  7435 | D:8      | Noticed Pikel
  7456 | D:8      | Killed Pikel
  7856 | D:8      | Found Vetagig's Distillery.
  8115 | D:9      | Found a staircase to the Orcish Mines.
  8198 | D:9      | Reached skill level 13 in Axes
  9039 | D:10     | Entered Level 10 of the Dungeon
  9071 | D:10     | Noticed a two-headed ogre
  9380 | D:10     | Killed a two-headed ogre
  9380 | D:10     | Reached skill level 10 in Armour
  9552 | D:10     | Reached XP level 11. HP: 84/97 MP: 10/10
  9573 | D:10     | Reached skill level 14 in Axes
  9847 | D:11     | Received a gift from Trog
  9874 | D:11     | Noticed Harold
  9890 | D:11     | Killed Harold
 10099 | D:11     | Reached skill level 10 in Fighting
 10972 | D:11     | Killed an unseen horror
 10995 | D:11     | Noticed Psyche
 11005 | D:11     | Killed Psyche
 11024 | D:11     | Killed an unseen horror
 11024 | D:11     | Reached skill level 15 in Axes
 11129 | D:11     | Noticed a brown ugly thing
 11281 | D:11     | Noticed a two-headed ogre
 11289 | D:11     | Killed a two-headed ogre
 11305 | D:11     | Got an uncursed steaming falchion {freeze}
 11306 | D:11     | Identified the +4 falchion of Punishment {freeze, rF+ Str+4 Int+5} (You took it off a centaur on level 11 of the Dungeon)
 11348 | D:11     | Killed a brown ugly thing
 11560 | D:12     | Reached XP level 12. HP: 110/110 MP: 11/11
 11585 | D:12     | Noticed a four-headed hydra
 11601 | D:12     | Killed an eight-headed hydra
 11616 | D:12     | Noticed a tengu reaver
 11619 | D:12     | Noticed a death knight
 11619 | D:12     | Noticed a deep elf annihilator
 11692 | D:11     | Noticed a two-headed ogre
 11699 | D:11     | Killed a two-headed ogre
 11988 | D:11     | Reached skill level 16 in Axes
 12228 | D:11     | Killed a death knight
 12458 | D:11     | Killed a tengu reaver
 12748 | D:12     | Killed a deep elf annihilator
 13177 | D:12     | Received a gift from Trog
 13622 | D:13     | Noticed a tengu warrior
 13622 | D:13     | Noticed a tengu warrior
 13627 | D:13     | Killed a tengu warrior
 13627 | D:13     | Reached skill level 17 in Axes
 13635 | D:13     | Killed a tengu warrior
 13635 | D:13     | Reached skill level 1 in Polearms
 13864 | D:13     | Reached XP level 13. HP: 29/119 MP: 12/12
 13874 | D:13     | HP: 5/178 [cherub/uncursed falchion of flaming (4)]
 13874 | D:13     | Slain by a cherub

Vault maps used:
D:1:      tarquinn_simple_flora_water_b, serial_forest,
          infiniplex_forest_lined_2, infiniplex_forest_end_1,
          infiniplex_forest_lined_room_, infiniplex_forest_straight_2,
          infiniplex_forest_pool, infiniplex_forest_end_double,
          infiniplex_forest_clump_medium, infiniplex_forest_clump_small,
          minmay_rat_gold_closets
D:2:      kennysheep_minor_cross
D:3:      first_bread
D:4:      gammafunk_temple_overflow_pools,
          nicolae_dithmenos_through_a_glass_darkly, uniq_eustachio
D:6:      minmay_temple_entry_statues_pillars, portal_sewer_entry_b,
          uniq_menkaure
D:7:      lemuel_bear_cage, gammafunk_temple_overflow_statue, bloody_trog,
          grunt_gozag_statues
D:8:      lair_entry_dummy, serial_shops,
          nicolae_shop_temple_entry_statues_fountains, shop, shop, shop,
          hangedman_pestilent_swarm, uniq_pikel
D:9:      orc_0_dummy, st_stairs_2, kennysheep_generic_room_9
D:11:     uniq_psyche, uniq_harold
D:12:     minmay_expanding_squares
D:13:     david_vaults_4, amethyst_killhole, pf_eden
Sewer:    sewer_big_baddie

Skill      XL: |  1  2  3  4  5  6  7  8  9 10 11 12 |
---------------+-------------------------------------+-----
Axes           | 4 5 6 7 8 10 11 13 15 17 | 17.2
Fighting       | 4 5 6 7 8 9 11 12 | 12.6
Stealth        | 1 |  1.6
Dodging        | 3 4 5 6 |  6.1
Armour         | 3 5 6 8 10 11 13 | 13.3
Polearms       | 1 |  1.6

Action                   |  1- 3 |  4- 6 |  7- 9 | 10-12 | 13-15 || total
-------------------------+-------+-------+-------+-------+-------++-------
Melee: Hand axe          |    86 |   124 |   313 |       |       ||   523
       Headbutt          |    16 |    18 |    69 |   122 |       ||   225
       War axe           |       |       |    85 |   250 |       ||   335
       Battleaxe         |       |       |       |   328 |    10 ||   338
       Bardiche          |       |       |       |    37 |       ||    37
Invok: Berserk           |       |       |     2 |     3 |       ||     5
       Burn Spellbooks   |       |       |       |     4 |       ||     4
       Brothers in Arms  |       |       |       |     1 |       ||     1
Evoke: Wand              |       |       |     1 |       |       ||     1
  Use: Potion            |       |       |     3 |     5 |       ||     8
       Scroll            |       |       |     2 |     8 |       ||    10
 Stab: Sleeping          |     3 |     1 |       |       |       ||     4
  Eat: Chunk             |       |     6 |     9 |    19 |       ||    34
       Fruit             |       |     1 |     3 |     2 |       ||     6
       Meat ration       |       |       |       |     1 |       ||     1
       Royal jelly       |       |       |       |     2 |       ||     2
       Bread ration      |       |       |       |     1 |       ||     1
Armor: Animal skin       |    11 |     7 |       |       |       ||    18
       Ring mail         |       |    25 |    12 |       |       ||    37
       Scale mail        |       |       |    34 |       |       ||    34
       Chain mail        |       |       |   109 |       |       ||   109
       Plate armour      |       |       |    85 |   553 |     5 ||   643
Dodge: Dodged            |    54 |    77 |   252 |   358 |     2 ||   743
Block: Other             |       |       |    20 |    47 |       ||    67
       Reflection        |       |       |     1 |     3 |       ||     4
